Map: Kairos Junction LE

Players

Cris

  • Race: Terran Terran
  • League: Diamond
  • Spawn Location: 5:00

Stropheum - Winner!

  • Race: Protoss Protoss
  • League: Master
  • Spawn Location: 11:00

VOD

Have the link to the VOD?

Description

Time

  • Played on: Feb. 17, 2019, 7:04 p.m.
  • Length: 12:53
Show
View Real Time Build Order
Export as new Build Order

Cris Terran 

Build Orders: Cyclone Opening 

Get SALT Encoding   

  12  0:00  SCV  
  13  0:13  SCV  
  14  0:17  Supply Depot  
  14  0:31  SCV  
  15  0:43  Refinery  
  15  0:45  Barracks, SCV  
  16  0:58  SCV  
  16  1:01  Refinery  
  17  1:10  SCV  
  18  1:19  Supply Depot  
  18  1:32  Orbital Command  
  18  1:33  Reaper  
  19  1:46  Factory  
  19  1:58  SCV  
  20  2:12  SCV  
  21  2:26  Barracks Reactor  
  21  2:30  Factory Tech Lab  
  21  2:43  SCV  
  22  2:56  Cyclone  
  25  2:58  Command Center  
  25  3:00  SCV  
  25  3:02  Starport  
  25  3:04  Supply Depot  
  26  3:19  SCV  
  27  3:20  Marine x2  
  29  3:28  Siege Tank  
  32  3:38  Marine  
  32  3:41  SCV  
  33  3:51  Barracks x2  
  33  4:13  SCV  
  33  4:14  Orbital Command  
  33  4:15  Marine x2  
  33  4:16  Siege Tank  
  36  4:21  Starport Reactor  
  36  4:22  Starport Tech Lab  
  36  4:26  SCV  
  36  4:29  Supply Depot  
  37  4:37  Marine x2  
  40  4:38  SCV  
  40  4:39  Barracks Reactor x2  
  40  4:49  SCV  
  41  4:53  Cloaking Field  
  41  4:54  Banshee  
  41  4:57  Marine  
  41  4:59  Barracks Tech Lab  
  45  5:03  SCV  
  46  5:07  Supply Depot  
  46  5:13  SCV  
  47  5:16  Marine x2  
  47  5:17  Marine x2  
  47  5:19  Stimpack  
  47  5:20  Marine  
  52  5:25  Siege Tank  
  52  5:28  SCV  
  56  5:29  SCV  
  56  5:34  Supply Depot  
  57  5:39  Marine x2  
  57  5:40  SCV  
  57  5:42  SCV  
  61  5:47  Banshee  
  64  5:52  Marine x2, SCV  
  64  5:55  Marauder  
  69  5:57  SCV  
  70  6:04  SCV  
  71  6:18  SCV  
  72  6:20  SCV  
  72  6:23  Marine x2  
  72  6:24  Refinery  
  72  6:25  Refinery  
  75  6:29  Marauder  
  75  6:30  Command Center, SCV  
  75  6:32  SCV  
  76  6:57  Marine x2  
  76  7:00  Engineering Bay  
  78  7:03  Engineering Bay  
  78  7:04  Marauder, SCV  
  78  7:06  Supply Depot  
  78  7:07  Supply Depot  
  78  7:13  SCV  
  79  7:23  Ghost Academy  
  79  7:25  Marauder  
  79  7:27  Barracks x3  
  79  7:29  SCV  
  82  7:33  SCV  
  82  7:36  Terran Infantry Weapons Level 1  
  83  7:37  Terran Infantry Armor Level 1  
  83  7:40  Medivac  
  83  7:43  Medivac, Command Center  
  87  7:59  Combat Shield, Concussive Shells  
  87  8:00  Marine x2  
  89  8:08  Siege Tank  
  89  8:09  SCV  
  89  8:11  Orbital Command  
  92  8:32  Marine x2  
  93  8:34  Barracks Tech Lab, Barracks Reactor  
  93  8:35  Barracks Tech Lab  
  76  8:45  Marine x2  
  68  8:50  Medivac x2, Marine x2, SCV  
  68  8:52  SCV  
  68  8:54  Refinery  
  68  8:55  Refinery  
  76  8:57  Supply Depot  
  76  8:58  Supply Depot  
  76  9:03  Marauder  
  78  9:14  Marine x2  
  78  9:15  Marine x2  
  78  9:16  Ghost, Marauder x2  
  88  9:17  SCV  
  88  9:20  SCV  
  88  9:23  Ghost  
  90  9:28  Bunker  
  90  9:30  SCV  
  93  9:46  Marine x4  
  93  9:47  Ghost x2  
  93  9:48  SCV  
  102  9:55  Supply Depot  
  102  10:04  Marine  
  102  10:05  Marine x5  
  108  10:09  Armory  
  108  10:13  SCV  
  109  10:14  SCV  
  109  10:15  Marine  
  109  10:16  Marine  
  112  10:22  Marine  
  112  10:23  Marauder  
  115  10:40  Marine  
  115  10:41  Marine x6  
  122  10:43  Personal Cloaking  
  122  10:44  Marine  
  121  10:59  Marauder x2  
  121  11:00  Marauder  
  98  11:11  Marine x3  
  98  11:12  Siege Tank, Marine x2  
  98  11:13  SCV  
  98  11:14  Medivac x2  
  111  11:21  Ghost, Marauder x2  
  117  11:29  Ghost, Marine x4  
  123  11:35  Orbital Command  
Show
View Real Time Build Order
Export as new Build Order

Stropheum Protoss - Winner!

Build Orders: Archon Immortal, Dark Templar Rush 

Get SALT Encoding   

  12  0:00  Probe  
  13  0:12  Probe  
  14  0:17  Pylon  
  14  0:24  Probe  
  15  0:32  Probe  
  15  0:40  Probe, Gateway  
  16  0:49  Assimilator  
  17  0:50  Probe  
  18  0:59  Probe  
  19  1:06  Assimilator  
  19  1:07  Probe  
  20  1:17  Probe  
  20  1:20  Pylon  
  21  1:27  Cybernetics Core  
  21  1:29  Probe  
  22  1:41  Probe  
  23  1:53  Probe  
  24  1:58  Stalker  
  24  2:01  Nexus  
  26  2:16  Probe  
  26  2:18  Warp Gate  
  27  2:27  Stalker  
  27  2:28  Probe  
  30  2:40  Probe  
  30  2:54  Probe  
  30  2:58  Pylon  
  31  3:00  Pylon x2  
  31  3:05  Twilight Council  
  31  3:17  Probe x2  
  32  3:25  Probe x2  
  35  3:34  Probe x2  
  35  3:37  Forge  
  37  3:46  Probe x2  
  39  3:50  Dark Shrine  
  39  3:58  Probe x2  
  38  4:05  Protoss Ground Weapons Level 1  
  37  4:16  Probe x2  
  39  4:19  Blink  
  39  4:28  Probe x2  
  41  4:33  Templar Archives  
  41  4:35  Assimilator  
  41  4:37  Assimilator  
  41  4:40  Probe x2  
  41  4:43  Gateway  
  41  4:45  Gateway  
  43  4:46  Gateway  
  43  4:52  Probe x2  
  45  5:04  Pylon, Probe x2  
  47  5:16  Probe x2  
  49  5:22  Robotics Facility  
  49  5:28  Probe x2  
  51  5:38  High Templar x2  
  51  5:40  Nexus, Probe  
  51  5:41  Pylon, Probe  
  51  5:42  High Templar x2  
  61  5:43  Archon  
  61  5:46  Archon  
  61  5:49  Protoss Ground Weapons Level 2  
  61  6:02  Probe x2  
  61  6:03  Observer  
  63  6:14  Probe x2  
  65  6:18  Pylon  
  65  6:20  Stalker x3  
  65  6:21  Stalker  
  70  6:30  Pylon  
  70  6:31  Probe x2  
  72  6:37  Immortal  
  76  6:43  Probe x2  
  76  6:45  High Templar x2  
  82  6:47  Zealot  
  82  6:51  Zealot  
  82  6:52  Archon  
  86  6:55  Probe x3  
  89  7:05  Probe  
  89  7:06  Probe x2  
  89  7:08  Pylon, Assimilator  
  92  7:10  Pylon, Assimilator, Immortal  
  92  7:14  Probe x3  
  92  7:20  High Templar  
  92  7:21  High Templar  
  92  7:22  Probe x3  
  103  7:23  Zealot x2  
  103  7:25  Archon  
  110  7:38  Pylon  
  110  7:40  Pylon, Immortal  
  110  7:41  Pylon  
  110  7:45  Photon Cannon  
  110  7:49  Photon Cannon  
  114  7:52  Protoss Ground Weapons Level 3  
  114  7:54  Photon Cannon  
  114  7:56  Probe x3  
  117  8:03  Gateway x2  
  117  8:06  Gateway  
  117  8:08  Probe x3, Gateway  
  120  8:14  Immortal  
  120  8:15  Zealot  
  120  8:18  High Templar x2  
  130  8:22  Archon  
  130  8:33  Zealot  
  118  8:43  Zealot  
  118  8:47  Probe  
  118  8:48  Probe x2  
  123  8:58  Zealot x3  
  123  8:59  Probe  
  123  9:00  Probe x2  
  132  9:02  High Templar  
  132  9:03  High Templar x3  
  132  9:05  Charge  
  132  9:07  Psionic Storm  
  140  9:12  Probe  
  141  9:26  Pylon  
  141  9:27  Pylon  
  141  9:28  Pylon  
  141  9:43  Pylon  
  141  9:44  Probe x2, Immortal  
  141  9:45  Pylon  
  147  9:46  Pylon  
  147  9:47  Zealot x7  
  147  9:48  Zealot  
  163  9:58  Pylon, Archon  
  163  9:59  Pylon  
  163  10:02  Pylon  
  163  10:15  Nexus  
  163  10:18  Pylon, Photon Cannon  
  163  10:21  Pylon  
  163  10:23  High Templar x5, Immortal  
  163  10:24  High Templar  
  163  10:28  Archon x3  
  179  10:48  Zealot x2  
  172  11:03  Immortal  
  171  11:19  High Templar x2  
  171  11:20  High Templar x2  
  171  11:21  Zealot x4  
  171  11:24  Archon x2  
  187  11:32  Assimilator  
  187  11:41  Warp Prism  
  187  11:46  Gateway  
  189  11:48  Gateway  
  189  11:50  Gateway x2  
  189  11:52  Gateway  
  189  11:58  Zealot x2  
  189  11:59  Zealot x4  
Tags
 
Add a new tag
Caveats
  • Supply blocks, unpowered buildings, or Contaminate may cause inaccurate times.
  • Supply counts are checked every 10 seconds.